 Dungeon Crawl Stone Soup version 0.30-a0-946-gec5dcfc036 (webtiles) character file.

Game seed: 12930360057924417407

27 mopl the Vexing (level 2, -1/15 HPs)
             Began as a Deep Elf Enchanter on Mar 26, 2023.
             Slain by a jackal (3 damage)
             ... on level 1 of the Dungeon.
             The game lasted 00:02:02 (558 turns).

mopl the Vexing (Deep Elf Enchanter)                 Turns: 558, Time: 00:02:03

Health: -1/15      AC:  2    Str:  5    XL:     2   Next: 93%
Magic:  1/8        EV: 12    Int: 19    God:
Gold:   32         SH:  0    Dex: 15    Spells: 6/8 levels left

rFire   . . .      SeeInvis .    a - +1 dagger
rCold   . . .      Faith    .    (no shield)
rNeg    . . .      Spirit   .    b - +0 robe
rPois   .          Reflect  .    (no helmet)
rElec   .          Rampage  .    (no cloak)
rCorr   .                        (no gloves)
Will    .....                    (no boots)
Stlth   +++                      (no amulet)
HPRegen 0.22/turn                (no ring)
MPRegen 0.11/turn                (no ring)

@: no status effects
A: no striking features
a: no special abilities


You were on level 1 of the Dungeon.
You visited 1 branch of the dungeon, and saw 1 of its levels.

You collected 53 gold pieces.
You spent 21 gold pieces at shops.

Inventory:

Hand Weapons
 a - a +1 dagger (weapon)
Armour
 b - a +0 robe (worn)
Scrolls
 d - a scroll of brand weapon {unknown}
 e - 2 scrolls of poison {unknown}
 f - a scroll of magic mapping {unknown}
 g - a scroll of fog {unknown}
Potions
 c - 2 potions of invisibility
 h - a potion of curing {unknown}
 i - a potion of brilliance {unknown}


   Skills:
 + Level 1.6 Short Blades
 - Level 2.4 Dodging
 + Level 4.0 Stealth
 + Level 3.5 Spellcasting
 + Level 4.4 Hexes


You had 6 spell levels left.
You knew the following spells:

 Your Spells              Type           Power      Damage    Failure   Level
b - Ensorcelled Hibernat  Hex/Ice        22%        N/A       9%          2

Your spell library contained the following spells:

 Spells                   Type           Power      Damage    Failure   Level
 Confusing Touch          Hex            20%        N/A       7%          3
 Tukima's Dance           Hex            20%        N/A       7%          3
 Dazzling Flash           Conj/Hex       22%        N/A       17%         3


Dungeon Overview and Level Annotations

Branches:
Dungeon (1/15)

Altars:

Shops:
D:1 *=(


Message History

The kobold throws a stone.
The stone hits you.
The jackal resists with significant effort.
The jackal bites you but does no damage.
The kobold throws a stone.
The stone hits you but does no damage.
The jackal resists with significant effort.
The jackal misses you. The jackal closely misses you.
A kobold comes into view. It is wielding a +0 short sword.
You barely miss the jackal. The jackal bites you.
The hobgoblin barely misses you.
The kobold throws a stone.
The stone barely misses you.
Unknown command.
The jackal closely misses you. The jackal bites you.
The jackal bites you but does no damage. x2
The hobgoblin hits you.
Your magical contamination has completely faded away.
The jackal attacks as you move away! The jackal barely misses you. x2
The jackal attacks as you move away! The jackal barely misses you.
The jackal misses you. The jackal bites you.
The jackal attacks as you move away! The jackal bites you.
The jackal attacks as you move away! The jackal bites you. x2
* * * LOW HITPOINT WARNING * * *
The jackal attacks as you move away! The jackal barely misses you.
You are too injured to fight recklessly!
Casting: Ensorcelled Hibernation (safe; 9% risk of failure)
Confirm with . or Enter, or press ? or * to list all spells.
Aiming: Ensorcelled Hibernation (safe; 9% risk of failure)
Press: ? - help, Shift-Dir - straight line, f/p - jackal
Aim: a jackal (chance to affect: 62%)
The jackal resists with significant effort.
The jackal bites you.
* * * LOW HITPOINT WARNING * * *
Unknown command.
Casting: Ensorcelled Hibernation (safe; 9% risk of failure)
Confirm with . or Enter, or press ? or * to list all spells.
You don't have enough magic to cast this spell.
Unknown command.
You hit the jackal but do no damage. The jackal bites you.
You die...

.#...≈≈≈≈≈..........####..##
......≈≈≈........##.## ...#
.#....###....##......# ....#
.#....# #....##.g#####
...... ......# ....###.#
..).### ##.... ....# #K#
...!# #... #### #r# #h# #@#
#.# #.# #.# #.# #.# #.# #..


You could see a jackal, a hobgoblin, a kobold and a rat.

Vanquished Creatures
  3 dart slugs (D:1)
  A bat (D:1)
  A giant cockroach (D:1)
  2 hobgoblins (D:1)
  4 jackals (D:1)
  2 quokkas (D:1)
  A goblin (D:1)
  2 kobolds (D:1)
  4 rats (D:1)
20 creatures vanquished.

Notes
Turn   | Place    | Note
-------+----------+-------------------------------------------
     0 | D:1      | mopl the Deep Elf Enchanter began the quest for the Orb.
     0 | D:1      | Reached XP level 1. HP: 10/10 MP: 6/6
   314 | D:1      | Reached XP level 2. HP: 14/15 MP: 8/8
   317 | D:1      | Learned a level 2 spell: Ensorcelled Hibernation
   371 | D:1      | Found Jonuax's Assorted Antiques.
   390 | D:1      | Bought a dark potion for 21 gold pieces
   411 | D:1      | Found Mukug's Jewellery Emporium.
   442 | D:1      | Found a faded altar of an unknown god.
   445 | D:1      | Reached skill level 4 in Stealth
   472 | D:1      | Found Ziaschecs's Weapon Boutique.
   558 | D:1      | Slain by a jackal

Illustrated notes

Levels and vault maps discovered:
D:1:      dpeg_arrival_castle, layout_basic, serial_shops,
          nicolae_shop_advertising_works [nicolae_subvault_shop_adworks],
          nicolae_shop_stone, nicolae_shop_waterfront, basic_ecumenical_altar

Skill      XL: |  1  2 |
---------------+-------+-----
Stealth        | 4 |  4.0
Short Blades   | |  1.6
Dodging        | |  2.4
Spellcasting   | |  3.5
Hexes          | |  4.4

Action                     || total
---------------------------++-------
  Melee: Dagger            ||    62
         Punch             ||     1
   Cast: Ensorcelled Hiber ||     5
   Stab: Sleeping          ||     7
         Distracted        ||     1
 Armour: Robe              ||    10
  Dodge: Dodged            ||    43

Table legend: (Time is in decaauts)
 A = Elapsed time spent in this place.
 B = Non-inter-level travel time spent in this place.
 C = Inter-level travel time spent in this place.
 D = Time resting spent in this place.
 E = Time spent auto-exploring this place.
 F = Levels seen in this place.
 G = Mean time per level.
                   A        B        C        D        E       F      G
               +--------+--------+--------+--------+--------+-----+--------+
         Total |    568 |    568 |      0 |     37 |    239 |   1 |  568.0 |
       Dungeon |    568 |    568 |      0 |     37 |    239 |   1 |  568.0 |
               +--------+--------+--------+--------+--------+-----+--------+

Top non-repeatable levels by time:
     D:1: 568 daAuts
